 Dungeon Crawl Stone Soup version 0.31-a0-667-g39726597b9 (webtiles) character file.

Game seed: 12042741612344253178

7104 holysushi the Fighter (level 11, -4/124 HPs)
             Began as an Ogre Shapeshifter on Sept 3, 2023.
             Was a Plaything of Xom.
             Slain by a hornet (12 damage)
             ... on level 9 of the Dungeon.
             The game lasted 00:27:42 (10309 turns).

holysushi the Fighter (Ogre Shapeshifter)          Turns: 10309, Time: 00:27:42

Health: -4/124     AC:  4    Str: 18    XL:     11   Next: 10%
Magic:  11/11      EV:  9    Int: 11    God:    Xom [....*.]
Gold:   659        SH:  0    Dex: 12    Spells: 10/10 levels left

rFire   . . .        a - +1 giant spiked club (flame)
rCold   . . .        (shield currently unavailable)
rNeg    . . .        G - +0 troll leather armour
rPois   .            (helmet currently unavailable)
rElec   .            (cloak currently unavailable)
rCorr   .            (gloves unavailable)
SInv    .            (boots unavailable)
Will    +....        (no amulet)
Stlth   +            (no ring)
HPRegen 1.20/turn    (no ring)
MPRegen 0.12/turn

%: no passive effects
@: about to teleport, beast-form
A: beast (slay +4), large, unfitting armour, tough skin 1, mutation resistance
1, sense surroundings 1, weak 1, MP-powered wands
a: Begin Untransformation, Renounce Religion


You were on level 9 of the Dungeon.
You worshipped Xom.
You were a beloved toy of Xom.
You were a hulking beast.
You visited 1 branch of the dungeon, and saw 9 of its levels.

You collected 659 gold pieces.

Inventory:

Hand Weapons
 a - a +1 giant spiked club of flaming (weapon)
 b - the +12 sling of Death {freeze, Int+4 Dex+3}
   (You found it on level 7 of the Dungeon)

   Int+4:     It affects your intelligence (+4).
   Dex+3:     It affects your dexterity (+3).
 e - a +0 mace
 k - a +1 flail of venom
 x - a +0 morningstar
 I - a +3 flail of draining
Missiles
 r - 63 stones
 s - 14 poisoned darts (quivered)
 E - 3 javelins
 F - 2 curare-tipped darts
Armour
 g - +1 ice dragon scales
 y - the +0 robe "Xoimusk" {rElec rC+ MP+9 Int+2}
   (You found it on level 5 of the Dungeon)

   Int+2:     It affects your intelligence (+2).
   rC+:       It protects you from cold.
   rElec:     It insulates you from electricity.
   MP+9:      It affects your magic capacity (+9).
 A - a +1 animal skin
 C - +0 steam dragon scales
 G - a +0 troll leather armour (worn)
Jewellery
 u - a ring of wizardry
 H - a ring of flight
Talismans
 c - a beast talisman (active)
 d - a flux talisman
Wands
 h - a wand of roots (24)
 B - a wand of mindburst (7)
 L - a wand of flame (11)
Scrolls
 i - a scroll of amnesia
 m - a scroll of poison {unknown}
 n - 2 scrolls of immolation {unknown}
 v - 4 scrolls of blinking {unknown}
 z - 2 scrolls of revelation {unknown}
 J - 2 scrolls of enchant armour
 N - a scroll of fear {unknown}
Potions
 j - 5 potions of attraction
 p - a potion of enlightenment
 q - 2 potions of might
 t - a potion of degeneration
 D - 4 potions of resistance
 M - a potion of mutation
Miscellaneous
 K - a lightning rod (4/4)


   Skills:
 + Level 12.7 Fighting
 * Level 10.6 Maces & Flails
 - Level 1.7 Dodging
 - Level 2.6 Unarmed Combat
 - Level 1.0 Evocations
 - Level 7.0 Shapeshifting


You had 10 spell levels left.
You didn't know any spells.
Your spell library was empty.

Dungeon Overview and Level Annotations

Branches:
Dungeon (9/15) Zot: 25638  Temple (0/1) D:6             Orc (0/2) D:9
   Lair: D:8-11

Altars:
Dithmenos
Fedhas
Hepliaklqana
Kikubaaqudgha
Nemelex Xobeh
Vehumet
Wu Jian
Xom
Jiyva

Shops:
D:6 **   D:7 [

Annotations:
D:3 3 runed translucent doors, Battleaxe07's ghost, weakling MeCK
D:8 3 runed translucent doors, zenocrate's ghost, novice OpSh


Innate Abilities, Weirdness & Mutations

You are a hulking beast.
Your limbs bulge with bestial killing power. (Slay +4)
You are too large for most types of armour.
You have tough skin. (AC +1)
You are somewhat resistant to further mutation.
You passively map a small area around you.
You are weak. (Str -2)
You expend magic power (3 MP) to strengthen your wands.


Message History

The steam dragon bites you!
The steam dragon claws you but does no damage.
You barely miss the steam dragon.
You are engulfed in a cloud of scalding steam.
The steam dragon bites you. The steam dragon barely misses you. x2
The steam dragon claws you.
You puncture the steam dragon! You burn the steam dragon.
The steam dragon is heavily wounded.
The steam dragon bites you!
* * * LOW HITPOINT WARNING * * *
The steam dragon closely misses you. The yak gores you!
* * * LOW HITPOINT WARNING * * *
Okay, then.
As you read the scroll of teleportation, it crumbles to dust.
You feel strangely unstable. The steam dragon barely misses you.
The steam dragon claws you.
* * * LOW HITPOINT WARNING * * *
The yak gores you!
* * * LOW HITPOINT WARNING * * *
The steam dragon bites you!
* * * LOW HITPOINT WARNING * * *
The steam dragon claws you.
* * * LOW HITPOINT WARNING * * *
Your surroundings suddenly seem different.
A hornet, a shadow and a howler monkey come into view.
Found a scroll of identify.
Xom roars with laughter!
The hornet buzzes angrily.
The howler monkey howls!
You hear a shout!
The howler monkey hoots and howls with incredible vigour!
You hear a shout!
Okay, then.
As you read the scroll of teleportation, it crumbles to dust.
You feel strangely unstable.
The shadow slips into darkness.
The shadow flickers and vanishes!
Deactivating autopickup; reactivate with Ctrl-A.
You see here a scroll of identify.
The hornet stings you!
You die...
Xom chuckles heartily!

*
......##.###.#
, .......##.#
#_# ,
###..#..##...
..# ,.#...##.
... ### * ...
.. * ... .. ,
*#.# .# , ,
#.#,#. , , ,
#h# .#** ,
#y##.# #
#?#..#*'.. ,
#.#.#...#
#.{...# ,
#....{..#
#.#.....#
#.#.#.hK#
#.#..##'.., ,


You could see a hornet.

Vanquished Creatures
  A boulder beetle (D:7)
  2 raiju (D:7)
  A slime creature (D:9)
  A vampire (D:9)
  Sigmund (D:3)
  7 yaks
  A wyvern (D:9)
  A basilisk (D:7)
  4 vampire mosquitoes (D:9)
  Edmund (D:5)
  An ice beast (D:6)
  An orc warrior (D:6)
  2 black bears (D:6)
  A sky beast (D:6)
  A boggart (D:9)
  2 centaurs (D:8)
  2 phantoms
  3 kobold brigands
  2 bullfrogs
  A scorpion (D:5)
  3 wights (D:8)
  5 killer bees (D:8)
  4 electric eels (D:7)
  A howler monkey (D:6)
  A jelly (D:4)
  2 hounds
  A gnoll bouda (D:5)
  6 orc priests
  A sleepcap (D:4)
  3 iguanas
  Terence (D:2)
  8 orc wizards
  Natasha (twice) (D:4)
  5 gnolls (D:5)
  2 adders
  3 shadow imps (D:6)
  A white imp (D:8)
  An ufetubus (D:7)
  3 dart slugs
  48 orcs
  4 bats
  6 endoplasms
  2 giant cockroaches
  3 goblins
  11 hobgoblins
  3 jackals (D:4)
  12 kobolds
  4 quokkas
  5 ball pythons
  6 frilled lizards
  8 rats
201 creatures vanquished.

Vanquished Creatures (collateral kills)
  2 trolls (D:7)
  2 slime creatures
  A wraith (D:9)
  A wyvern (D:9)
  An ogre (D:7)
  A centaur (D:7)
  A bullfrog (D:6)
  2 orc priests (D:7)
  An orc (D:9)
12 creatures vanquished.

Grand Total: 213 creatures vanquished

Notes
Turn   | Place    | Note
-------+----------+-------------------------------------------
     0 | D:1      | holysushi the Ogre Shapeshifter began the quest for the
                  | Orb.
     0 | D:1      | Reached XP level 1. HP: 19/19 MP: 1/1
   225 | D:1      | Reached XP level 2. HP: 28/28 MP: 2/2
   231 | D:1      | Reached skill level 2 in Fighting
   272 | D:1      | Reached skill level 1 in Maces & Flails
   611 | D:1      | Reached XP level 3. HP: 35/35 MP: 3/3
  1031 | D:2      | Noticed Terence
  1046 | D:2      | Killed Terence
  1047 | D:2      | Reached XP level 4. HP: 27/44 MP: 4/4
  1971 | D:3      | Noticed Sigmund
  2158 | D:3      | Reached skill level 3 in Fighting
  2256 | D:3      | Found a hazy altar of Hepliaklqana.
  2383 | D:3      | Killed Sigmund
  2384 | D:3      | Reached skill level 4 in Fighting
  2384 | D:3      | Reached XP level 5. HP: 34/54 MP: 5/5
  2384 | D:3      | Reached XP level 6. HP: 39/62 MP: 6/6
  2384 | D:3      | Found a runed translucent gate.
  2385 | D:3      | Found a runed translucent gate.
  2386 | D:3      | Identified the +4 hand axe of Vonuaph {distort, Fragile
                  | MP-9 Str+5 Dex+2}
  2386 | D:3      | Identified the +0 scale mail of Zeiconyn {Str+3}
  2387 | D:3      | Noticed Battleaxe07's ghost (weakling MeCK)
  2460 | D:3      | Found a runed translucent gate.
  2921 | D:4      | Found a blossoming altar of Fedhas.
  2934 | D:4      | Found a sparkling altar of Nemelex Xobeh.
  3346 | D:4      | Found a shimmering altar of Xom.
  3448 | D:4      | Became a worshipper of Xom of Chaos
  3477 | D:4      | Found a shadowy altar of Dithmenos.
  3483 | D:4      | XOM: silly message
  3490 | D:4      | Reached XP level 7. HP: 27/71 MP: 7/7
  3656 | D:4      | Noticed Natasha
  3663 | D:4      | Killed Natasha
  3682 | D:4      | XOM: noise
  3850 | D:4      | Found an ancient bone altar of Kikubaaqudgha.
  3885 | D:4      | Found an ornate altar of the Wu Jian Council.
  3914 | D:4      | XOM: give mutations
  3914 | D:4      | Gained mutation: You passively map a small area around you.
                  | [Xom's mischief]
  3914 | D:4      | Gained mutation: Your muscles are strong. (Str +4, Int/Dex
                  | -1) [Xom's mischief]
  3914 | D:4      | Gained mutation: You are clumsy. (Dex -2) [Xom's mischief]
  3914 | D:4      | Lost mutation: Your muscles are strong. (Str +4, Int/Dex
                  | -1) [Xom's mischief]
  4112 | D:4      | Noticed Natasha
  4116 | D:4      | Killed Natasha
  4117 | D:4      | Reached skill level 5 in Fighting
  4183 | D:5      | Entered Level 5 of the Dungeon
  4191 | D:5      | Identified the +0 robe "Xoimusk" {rElec rC+ MP+9 Int+2}
  4300 | D:5      | XOM: summons friendly white imp
  4363 | D:4      | XOM: give mutations
  4363 | D:4      | Gained mutation: You possess an exceptional clarity of
                  | mind. [Xom's grace]
  4363 | D:4      | Gained mutation: You are somewhat resistant to further
                  | mutation. [Xom's grace]
  4559 | D:5      | Reached skill level 5 in Maces & Flails
  4804 | D:5      | Noticed Edmund
  4822 | D:5      | Killed Edmund
  4823 | D:5      | Reached skill level 1 in Evocations
  4823 | D:5      | Reached skill level 5 in Shapeshifting
  5301 | D:5      | XOM is BORED!
  5472 | D:6      | Found a radiant altar of Vehumet.
  5480 | D:5      | Reached XP level 8. HP: 66/83 MP: 8/8
  5538 | D:6      | Found Tosteklydia's General Store.
  5539 | D:6      | Found Sigic's Specific Store.
  5560 | D:6      | XOM: cast spell 'Call Canine Familiar'
  5564 | D:6      | Reached skill level 6 in Fighting
  5798 | D:6      | Reached skill level 7 in Fighting
  5848 | D:6      | XOM: 1-stop teleportation journey
  5921 | D:6      | Found a staircase to the Ecumenical Temple.
  5939 | D:6      | Reached skill level 8 in Fighting
  6039 | D:6      | Noticed Maggie
  6044 | D:6      | Maggie changed into Maggie the black bear
  6044 | D:6      | Noticed Maggie
  6044 | D:6      | XOM: polymorph Maggie -> Maggie the black bear
  6050 | D:6      | Killed Maggie the black bear
  6289 | D:6      | XOM: god gift: 39 gold pieces
  6591 | D:7      | Reached XP level 9. HP: 93/97 MP: 9/9
  6706 | D:7      | XOM: scenery: summon butterflies
  6773 | D:7      | Noticed a troll
  6774 | D:7      | Noticed a boulder beetle
  6775 | D:7      | Reached skill level 9 in Fighting
  6775 | D:7      | Killed a troll
  6776 | D:7      | Noticed a troll
  6779 | D:7      | Killed a boulder beetle
  6780 | D:7      | Reached skill level 10 in Fighting
  6782 | D:7      | Killed a troll
  6837 | D:7      | XOM: god gift: curare-tipped dart
  7015 | D:7      | Identified the +12 sling of Death {freeze, Int+4 Dex+3}
  7130 | D:7      | XOM: 3-stop teleportation journey
  7286 | D:7      | XOM: smoke on damage
  7286 | D:7      | XOM: torment (50/102 hp)
  7537 | D:7      | Reached XP level 10. HP: 100/111 MP: 10/10
  7764 | D:7      | Found Esacaklo's Armour Emporium.
  7798 | D:7      | XOM: give mutations
  7798 | D:7      | Lost mutation: You possess an exceptional clarity of mind.
                  | [Xom's mischief]
  7798 | D:7      | Gained mutation: You are weak. (Str -2) [Xom's mischief]
  7944 | D:8      | Found a runed translucent gate.
  7944 | D:8      | Found a runed translucent gate.
  7944 | D:8      | Noticed zenocrate's ghost (novice OpSh)
  7945 | D:8      | Found a runed translucent gate.
  7954 | D:8      | Reached skill level 11 in Fighting
  7976 | D:8      | Found a viscous altar of Jiyva.
  8247 | D:8      | XOM: give mutations
  8247 | D:8      | Lost mutation: You are clumsy. (Dex -2) [Xom's mischief]
  8247 | D:8      | Gained mutation: You expend magic power (3 MP) to
                  | strengthen your wands. [Xom's mischief]
  8385 | D:8      | XOM is BORED!
  8385 | D:8      | XOM: noise
  8506 | D:8      | XOM: draining
  8598 | D:8      | XOM: 8-stop teleportation journey
  8777 | D:8      | XOM: noise
  8778 | D:8      | XOM: swap monsters
  8779 | D:8      | XOM: destruction
  8991 | D:9      | XOM: smoke on damage
  9096 | D:9      | XOM: enchant monster (bad)
  9317 | D:9      | XOM: polymorph orc warrior -> boggart
  9346 | D:9      | Found a staircase to the Orcish Mines.
  9514 | D:9      | XOM: confusion
  9523 | D:9      | XOM: enchant monster (good)
  9526 | D:9      | XOM: confuse monster(s)
  9532 | D:9      | XOM: cast spell 'Dispersal'
  9541 | D:9      | Reached skill level 12 in Fighting
  9729 | D:9      | XOM: polymorph orc wizard -> hound
  9738 | D:9      | Reached skill level 10 in Maces & Flails
  9751 | D:9      | XOM: scenery: create altars
  9759 | D:9      | HP: 4/117 [kobold brigand/+0 great sword (10)]
  9763 | D:9      | Reached XP level 11. HP: 24/124 MP: 0/11
  9775 | D:8      | XOM: summons 11 friendly demons
  9841 | D:8      | XOM: god gift: potion of attraction
  9954 | D:8      | XOM: divination: detect items
 10044 | D:9      | XOM: cast spell 'Monstrous Menagerie'
 10254 | D:9      | XOM: summons 3 hostile demons
 10258 | D:9      | XOM: summons 2 friendly demons
 10267 | D:9      | XOM: cast spell 'Dispersal'
 10303 | D:9      | HP: 4/124 [steam dragon (7)]
 10303 | D:9      | HP: 1/124 [steam dragon (3)]
 10309 | D:9      | Slain by a hornet

Illustrated notes

Levels and vault maps discovered:
D:1:      dpeg_arrival_rooms_with_view, layout_loops_cross, serial_forest,
          infiniplex_forest_lined_3_way, infiniplex_forest_clump_long,
          infiniplex_forest_lined_ring, infiniplex_forest_lined_3_way,
          infiniplex_forest_zigzag_2, infiniplex_forest_diagonal,
          infiniplex_forest_clump_large, infiniplex_forest_end_3,
          infiniplex_forest_lined_room_2, hangedman_decor_peaks_small
D:2:      layout_loops_ring, fountainhead, grunt_decor_one_mirror, uniq_terence
D:3:      minmay_angry_zag, layout_basic, worldfamousw_hep_ancestral_shrine,
          biasface_ghost_orc_armoury, kennysheep_generic_room_9, uniq_sigmund
D:4:      layout_cave_pools, mainiacjoe_overflow_alcove_4,
          nicolae_dithmenos_shadow_blocks, xom_teletrap_fun, fedhas_altar_2,
          nemelex_xobeh_ov_fountains_minmay,
          mainiacjoe_overflow_small_starburst, kennysheep_generic_room_2,
          uniq_natasha
D:5:      layout_loops_cross, corexii_leaking_fountain, grunt_decor_clamped,
          uniq_edmund
D:6:      layout_gridville, lemuel_crystal_altar,
          minmay_temple_entry_enclosed_plants, nicolae_specific_store,
          uniq_maggie
D:7:      minmay_blocky_corners, layout_gridville, serial_shops,
          kennysheep_mini_moat, nicolae_have_a_lightning_rod
D:8:      layout_loops_ring, gammafunk_ghost_ooze
D:9:      hellmonk_ruined_rings, layout_basic,
          mainiacjoe_overflow_surrounded_room, hiddenorc2_lemuel,
          minmay_fractal_squares_diagonal_5

Skill      XL: |  1  2  3  4  5  6  7  8  9 10 |
---------------+-------------------------------+-----
Fighting       | 2 4 5 8 10 12 | 12.7
Maces & Flails | 1 2 3 4 5 7 10 | 10.6
Shapeshifting  | 4 5 6 7 |  7.0
Evocations     | 1 |  1.0
Dodging        | |  1.7
Unarmed Combat | |  2.6

Action                     |  1- 3 |  4- 6 |  7- 9 | 10-12 || total
---------------------------+-------+-------+-------+-------++-------
  Melee: Mace              |    87 |    14 |       |       ||   101
         Punch             |     3 |     1 |     1 |       ||     5
         Flail             |       |    97 |   145 |       ||   242
         Giant spiked club |       |       |    17 |   176 ||   193
   Fire: Sling             |       |       |     8 |     9 ||    17
  Throw: Dart              |       |     2 |       |       ||     2
  Evoke: Wand              |       |     3 |    10 |     5 ||    18
    Use: Potion            |     3 |       |     1 |     5 ||     9
         Scroll            |       |     7 |     3 |     7 ||    17
   Stab: Sleeping          |     1 |     2 |       |       ||     3
         Confused          |       |       |       |     1 ||     1
 Armour: Animal skin       |    45 |   100 |    23 |       ||   168
         Skin              |     6 |       |       |       ||     6
         Robe              |       |       |    87 |       ||    87
         Steam dragon scal |       |       |    56 |   154 ||   210
         Troll leather arm |       |       |       |    34 ||    34
  Dodge: Dodged            |    34 |    59 |    84 |   134 ||   311

Table legend: (Time is in decaauts)
 A = Elapsed time spent in this place.
 B = Non-inter-level travel time spent in this place.
 C = Inter-level travel time spent in this place.
 D = Time resting spent in this place.
 E = Time spent auto-exploring this place.
 F = Levels seen in this place.
 G = Mean time per level.
                   A        B        C        D        E       F      G
               +--------+--------+--------+--------+--------+-----+--------+
         Total |  10462 |   9851 |    611 |   2540 |   4974 |   9 | 1162.4 |
       Dungeon |  10462 |   9851 |    611 |   2540 |   4974 |   9 | 1162.4 |
               +--------+--------+--------+--------+--------+-----+--------+

Top non-repeatable levels by time:
     D:8: 1550 daAuts
     D:4: 1326 daAuts
     D:7: 1244 daAuts
     D:5: 1141 daAuts
     D:3: 1119 daAuts
     D:6: 1089 daAuts
     D:2: 1012 daAuts
     D:1: 1006 daAuts
     D:9: 972 daAuts
